 Dungeon Crawl Stone Soup version 0.21-a0-442-g848f44b (webtiles) character file.

9639 Ashen the Covert (level 11, -10/87 HPs)
             Began as a Vampire Wizard on Nov 16, 2017.
             Was a Follower of Sif Muna.
             Mangled by a guardian serpent (18 damage)
             ... on level 10 of the Dungeon.
             The game lasted 00:33:45 (11330 turns).

Ashen the Covert (Vampire Wizard)                  Turns: 11330, Time: 00:33:45

Health: -10/87     AC:  0    Str:  6    XL:     11   Next: 25%
Magic:  16/16      EV: 31    Int: 21    God:    Sif Muna [*.....]
Gold:   524        SH:  0    Dex: 21    Spells: 2/16 levels left

rFire    . . .     SeeInvis +   (weapon currently unavailable)
rCold    + . .     Gourm    .   (shield currently unavailable)
rNeg     + + .     Faith    .   (armour currently unavailable)
rPois    +         Spirit   .   (helmet currently unavailable)
rElec    .         Reflect  .   (cloak currently unavailable)
rCorr    .         Harm     .   (gloves currently unavailable)
MR       +....                  (boots currently unavailable)
Stlth    ++++++++..             W - amulet of regeneration
HPRegen  0.32/turn              (ring currently unavailable)
MPRegen  0.15/turn              (ring currently unavailable)

@: about to teleport, bat-form, flying, regenerating slowly, slowed, quick
A: fangs 3, see invisible
a: End Transformation, Divine Energy, Renounce Religion


You were on level 10 of the Dungeon.
You worshipped Sif Muna.
Sif Muna was aware of your devotion.
You were thirsty.
You were in vampire-bat-form.
You visited 2 branches of the dungeon, and saw 12 of its levels.

You collected 524 gold pieces.

Inventory:

Hand Weapons
 E - a +1 short sword of electrocution (melded)
Missiles
 y - 2 throwing nets (quivered)
 O - 5 curare-tipped needles
Armour
 b - a +0 hat (melded)
 r - the +0 pair of boots of Courage (melded) {MP+9 Int+3}
   (You found it on level 7 of the Dungeon)

   It affects your intelligence (+3).
   It affects your magic capacity (+9).
 z - a scarf of spirit shield
 A - a +2 robe of magic resistance (melded)
 C - a +0 cloak (melded)
 X - a +2 pair of gloves of strength (melded)
Jewellery
 h - a +5 ring of slaying (melded)
 B - a +4 ring of protection (melded)
 G - an uncursed amulet of harm
 W - an amulet of regeneration (around neck)
Wands
 N - a wand of disintegration (14/24)
Scrolls
 a - 2 scrolls of enchant armour {unknown}
 f - 2 scrolls of teleportation
 i - a scroll of fog {unknown}
 m - a scroll of blinking
 n - a scroll of enchant weapon {unknown}
 x - 5 scrolls of magic mapping {unknown}
 F - 7 scrolls of identify
 I - a scroll of random uselessness {unknown}
 P - 2 scrolls of amnesia {unknown}
 R - a scroll of torment {unknown}
 T - a scroll of remove curse
 U - 2 scrolls of recharging {unknown}
 Y - a scroll of silence {unknown}
Potions
 d - 18 potions of blood
 e - 3 potions of flight
 g - 4 potions of agility {unknown}
 k - a potion of invisibility {unknown}
 o - 2 potions of cancellation {unknown}
 p - 3 potions of haste
 q - 3 potions of brilliance
 s - 3 potions of lignification
 t - 8 potions of curing
 u - a potion of might
 v - a potion of degeneration {unknown}
 w - 2 potions of heal wounds {unknown}
 D - a potion of resistance {unknown}
 K - a potion of magic {unknown}
 M - a potion of berserk rage {unknown}
 Q - a potion of mutation {unknown}
Books
 c - a book of Minor Magic

   Spells                             Type                      Level
   a - Magic Dart                     Conjuration                  1
   b - Blink                          Translocation                2
   c - Call Imp                       Summoning                    2
   d - Slow                           Hexes                        2
   e - Conjure Flame                  Conjuration/Fire             3
   f - Mephitic Cloud                 Conjuration/Poison/Air       3
 j - a book of Debilitation

   Spells                             Type                      Level
   a - Corona                         Hexes                        1
   b - Slow                           Hexes                        2
   c - Inner Flame                    Hexes/Fire                   3
   d - Portal Projectile              Hexes/Translocation          3
   e - Cause Fear                     Hexes                        4
   f - Leda's Liquefaction            Hexes/Earth                  4


   Skills:
 + Level 8.5 Fighting
 - Level 1.0 Short Blades
 + Level 10.4 Dodging
 + Level 14.0 Stealth
 - Level 3.3 Spellcasting
 - Level 1.0 Conjurations
 - Level 2.3 Hexes
 - Level 1.0 Summonings
 - Level 3.3 Translocations
 - Level 4.2 Air Magic
 - Level 2.1 Poison Magic


You had 2 spell levels left.
You knew the following spells:

 Your Spells              Type           Power        Failure   Level  Hunger
a - Magic Dart            Conj           #...         9%          1    None
b - Call Imp              Summ           #.......     13%         2    ##.....
c - Blink                 Tloc           N/A          4%          2    ##.....
d - Mephitic Cloud        Conj/Pois/Air  ##......     14%         3    ###....
e - Slow                  Hex            ##......     8%          2    ##.....
f - Cause Fear            Hex            ##........   43%         4    ####...


Dungeon Overview and Level Annotations

Branches:
Dungeon (11/15)            Temple (1/1) D:4            Lair (0/6) D:8
    Orc: D:9-12

Altars:
Ashenzari
Cheibriados
Dithmenos
Elyvilon
Fedhas
Gozag
Hepliaklqana
Kikubaaqudgha
Makhleb
Nemelex Xobeh
Okawaru
Qazlal
Ru
Sif Muna
Trog
Uskayaw
Vehumet
Wu Jian
Xom
Yredelemnul
Zin
The Shining One

Annotations:
D:10 Grum
D:11 kae's ghost, journeyman GrEE


Innate Abilities, Weirdness & Mutations

You heal slowly.
You have razor-sharp teeth.
You have supernaturally acute eyesight. (SInv)
((You can survive without breathing.))


Message History

The bolt of poison hits you! You resist.
* * * LOW HITPOINT WARNING * * *
The worker ant misses you.
Okay, then.
As you read the scroll of teleportation, it crumbles to dust.
You feel strangely unstable.
The guardian serpent coils itself and waves its upper body at you.
You feel yourself slow down.
The guardian serpent casts a spell at you.
The bolt of poison hits you! You resist.
* * * LOW HITPOINT WARNING * * *
Your surroundings seem slightly different.
Okay, then.
The guardian serpent misses you. The worker ant misses you.
The guardian serpent coils itself and performs some mystic snake dance.
The worker ant blinks!
The worker ant completely misses you.
As you read the scroll of teleportation, it crumbles to dust.
You feel strangely unstable. The worker ant completely misses you.
The guardian serpent hits you!!
You die...

#.....#......#......... #
#.....##.....#.##....# .#
#..............##....#..#
#......#.....ยง.##....#..#
.......#............<...#
.....#.........#........#
.........#.....#..g.#####
...##.#....#####aS..#
...............#b...#
...##.#.....####....#
####................#
#................#
#................########
#.##.....##.#............ #.
#........#............ ##
#####....................
.###......ga................


You could see a guardian serpent, Grum (wandering) and a worker ant.

Vanquished Creatures
  The ghost of theanonym the Cleaver, a journeyman FoAK of Lugonu (D:11)
  4 two-headed ogres
  The ghost of Slowdrip the Destroyer, a novice TeFE of Vehumet (D:9)
  The ghost of p0werm0de the Thaumaturge, a novice DrWz of Ru (D:7)
  A gargoyle (D:11)
  A centaur skeleton (D:11)
  A hippogriff (D:7)
  Sigmund (D:4)
  A spriggan (D:9)
  3 yaks (D:10)
  Menkaure (D:5)
  2 hell hounds (D:8)
  2 orc warriors
  3 sky beasts
  A black bear (D:10)
  3 ice beasts
  An eye of draining (D:10)
  4 ogres
  2 wolves (D:8)
  8 centaurs
  3 bullfrogs
  A water moccasin zombie (D:6)
  A wyvern skeleton (D:8)
  A scorpion (D:7)
  4 killer bees (D:9)
  2 crimson imps
  A quasit (D:11)
  9 hounds
  15 orc wizards
  2 jellies
  A bullfrog skeleton (D:8)
  2 orc priests (D:7)
  Terence (D:3)
  Jessica (D:2)
  2 iguanas (D:6)
  7 worker ants
  A worker ant zombie (D:8)
  9 adders
  A shadow imp (D:8)
  A dart slug (D:1)
  2 worms
  10 leopard geckos
  22 orcs
  4 bats
  4 giant cockroaches
  5 goblins
  5 hobgoblins
  10 jackals
  4 kobolds (D:1)
  8 quokkas
  A ball python skeleton (D:4)
  6 frilled lizards
  A leopard gecko skeleton (D:7)
  5 rats
194 creatures vanquished.

Vanquished Creatures (collateral kills)
  A killer bee (D:9)
1 creature vanquished.

Vanquished Creatures (others)
  A killer bee (D:9)
1 creature vanquished.

Grand Total: 196 creatures vanquished

Notes
Turn   | Place    | Note
-------+----------+-------------------------------------------
     0 | D:1      | Ashen the Vampire Wizard began the quest for the Orb.
     0 | D:1      | Reached XP level 1. HP: 13/13 MP: 4/4
   274 | D:1      | Reached skill level 1 in Conjurations
   274 | D:1      | Reached XP level 2. HP: 19/19 MP: 6/6
   278 | D:1      | Learned a level 2 spell: Call Imp
   281 | D:1      | Learned a level 2 spell: Blink
  1016 | D:2      | Found a bloodstained altar of Trog.
  1030 | D:2      | Reached XP level 3. HP: 19/25 MP: 7/7
  1065 | D:2      | Noticed Jessica
  1436 | D:2      | Reached skill level 1 in Short Blades
  1476 | D:2      | Reached skill level 1 in Fighting
  1487 | D:2      | Learned a level 3 spell: Mephitic Cloud
  1580 | D:2      | Killed Jessica
  1580 | D:2      | Reached skill level 1 in Poison Magic
  1580 | D:2      | Reached XP level 4. HP: 30/32 MP: 9/9
  2128 | D:3      | Noticed Terence
  2159 | D:3      | Killed Terence
  2159 | D:3      | Reached skill level 1 in Air Magic
  2159 | D:3      | Reached XP level 5. HP: 37/37 MP: 8/10
  2163 | D:3      | Learned a level 2 spell: Slow
  2292 | D:4      | Noticed Sigmund
  2415 | D:4      | Killed Sigmund
  2415 | D:4      | Reached XP level 6. HP: 39/43 MP: 5/11
  3078 | D:4      | Found a staircase to the Ecumenical Temple.
  3085 | D:4      | Reached skill level 1 in Translocations
  3092 | Temple   | Entered the Ecumenical Temple
  3163 | Temple   | Became a worshipper of Sif Muna the Loreminder
  3513 | D:5      | Entered Level 5 of the Dungeon
  3513 | D:5      | Noticed an orc warrior
  3520 | D:5      | Killed an orc warrior
  3520 | D:5      | Reached XP level 7. HP: 48/48 MP: 8/12
  3526 | D:5      | Reached skill level 1 in Hexes
  4043 | D:4      | Reached skill level 4 in Stealth
  4167 | D:5      | Reached skill level 5 in Stealth
  4613 | D:5      | Noticed Menkaure
  4828 | D:4      | Reached XP level 8. HP: 29/57 MP: 7/13
  4987 | D:5      | Reached skill level 6 in Stealth
  5085 | D:5      | Killed Menkaure
  5397 | D:6      | Reached skill level 5 in Dodging
  5397 | D:6      | Reached skill level 7 in Stealth
  5501 | D:6      | Reached skill level 8 in Stealth
  5506 | D:6      | Found a sacrificial altar of Ru.
  6030 | D:7      | Noticed p0werm0de's ghost (novice DrWz)
  6135 | D:7      | Reached XP level 9. HP: 60/66 MP: 14/14
  6165 | D:7      | Reached * piety under Sif Muna
  6172 | D:7      | Reached skill level 9 in Stealth
  6255 | D:7      | Reached skill level 5 in Fighting
  6294 | D:7      | Got a pair of encrusted boots
  6300 | D:7      | Identified the +0 pair of boots of Courage {MP+9 Int+3} (You found it on level 7 of the Dungeon)
  6673 | D:7      | Killed p0werm0de's ghost
  6673 | D:7      | Reached skill level 10 in Stealth
  7316 | D:8      | Noticed a two-headed ogre
  7959 | D:8      | Reached skill level 11 in Stealth
  7964 | D:8      | Noticed Grum
  8295 | D:8      | Noticed a two-headed ogre
  8298 | D:8      | Killed a two-headed ogre
  8298 | D:8      | Reached XP level 10. HP: 48/77 MP: 15/15
  8307 | D:8      | Got a spiked leather armour
  8318 | D:8      | Identified the +3 leather armour "Kerago" {-Cast Str+3 Dex+4} (You found it on level 8 of the Dungeon)
  8504 | D:8      | Found a hide-covered altar of Uskayaw.
  8505 | D:8      | Found an ornate altar of the Wu Jian Council.
  8505 | D:8      | Found a shattered altar of Ashenzari.
  8505 | D:8      | Found a radiant altar of Vehumet.
  8506 | D:8      | Found a bloodstained altar of Trog.
  8507 | D:8      | Found an iron altar of Okawaru.
  8507 | D:8      | Noticed a two-headed ogre
  8531 | D:8      | Noticed a two-headed ogre
  8534 | D:8      | Killed a two-headed ogre
  8534 | D:8      | Reached skill level 12 in Stealth
  8535 | D:8      | Killed a two-headed ogre
  8566 | D:8      | Found a hazy altar of Hepliaklqana.
  8569 | D:8      | Found a snail-covered altar of Cheibriados.
  9042 | D:8      | Found a staircase to the Lair.
  9251 | D:9      | Noticed Slowdrip's ghost (novice TeFE)
  9261 | D:9      | Killed Slowdrip's ghost
  9290 | D:9      | Noticed a two-headed ogre
  9936 | D:9      | Reached skill level 13 in Stealth
 10005 | D:9      | Killed a two-headed ogre
 10387 | D:10     | Entered Level 10 of the Dungeon
 10442 | D:10     | Noticed a guardian serpent
 10519 | D:11     | Noticed theanonym's ghost (journeyman FoAK)
 10537 | D:11     | Killed theanonym's ghost
 10537 | D:11     | Reached skill level 10 in Dodging
 10537 | D:11     | Reached XP level 11. HP: 42/86 MP: 16/16
 11003 | D:11     | Noticed kae's ghost (journeyman GrEE)
 11159 | D:10     | Learned a level 4 spell: Cause Fear
 11223 | D:10     | Reached skill level 14 in Stealth
 11330 | D:10     | Mangled by a guardian serpent

Vault maps used:
D:1:      onia_arrival_pyramid
D:2:      trog_three_pillars_becter, uniq_jessica
D:3:      first_bread, uniq_terence
D:4:      temple_fountains, uniq_sigmund
D:5:      uniq_menkaure
D:6:      nicolae_ru_great_annihilating_truth
D:7:      minmay_flawed_box
D:8:      nicolae_overflow_hidden_temple, grunt_temple_overflow_open,
          minmay_lair_entry_lava, uniq_grum
D:9:      the_bakery
D:10:     nrook_guardian_serpent_snake_passage
D:11:     hiddenorc2_lemuel
Temple:   jpeg_temple_clearing

Skill      XL: |  1  2  3  4  5  6  7  8  9 10 11 |
---------------+----------------------------------+-----
Conjurations   | 1 |  1.0
Short Blades   | 1 |  1.0
Fighting       | 1 2 4 6 8 |  8.5
Poison Magic   | 1 2 |  2.1
Air Magic      | 1 4 |  4.2
Translocations | 3 |  3.3
Hexes          | 2 |  2.3
Dodging        | 4 6 8 10 | 10.4
Stealth        | 5 8 11 13 14 | 14.0
Spellcasting   | |  3.3
Summonings     | |  1.0

Action                   |  1- 3 |  4- 6 |  7- 9 | 10-12 || total
-------------------------+-------+-------+-------+-------++-------
Melee: Unarmed           |    10 |       |     1 |       ||    11
       Dagger            |    36 |    74 |       |       ||   110
       Bite              |     1 |     6 |    24 |    17 ||    48
       Short sword       |       |    24 |   259 |   180 ||   463
 Cast: Magic Dart        |    30 |       |     2 |       ||    32
       Mephitic Cloud    |       |     7 |    20 |    15 ||    42
       Call Imp          |       |       |    15 |       ||    15
       Blink             |       |       |     1 |     1 ||     2
       Slow              |       |       |     4 |     5 ||     9
 Abil: Bat Form          |     1 |     1 |     9 |     3 ||    14
       End Transformatio |     1 |     1 |     7 |     2 ||    11
  Use: Potion            |     1 |     4 |    17 |     4 ||    26
       Scroll            |       |     7 |     4 |     2 ||    13
 Stab: Sleeping          |     5 |    10 |    17 |    17 ||    49
       Distracted        |     1 |       |     1 |     2 ||     4
       Confused          |       |     4 |     5 |     6 ||    15
Armor: Robe              |     7 |    15 |    87 |    33 ||   142
Dodge: Dodged            |    29 |    67 |   213 |   181 ||   490

Table legend:
 A = Spawn XP
 B = Non-spawn XP
 C = Spawn XP percentage of total XP
 D = Spawn monster count
 E = Non-spawn monster count
 F = Spawn count percentage of total count
 G = Total turns spent on level
                    A         B        C        D         E        F      G
               +---------+---------+-------+---------+---------+-------+---------
         Total |       0 |   13770 |   0.0 |       0 |     196 |   0.0 | 11330
               +---------+---------+-------+---------+---------+-------+---------
           D:1 |       0 |      38 |   0.0 |       0 |      20 |   0.0 |  1006
           D:2 |       0 |      95 |   0.0 |       0 |      13 |   0.0 |   847
           D:3 |       0 |      63 |   0.0 |       0 |       9 |   0.0 |   518
           D:4 |       0 |     658 |   0.0 |       0 |      23 |   0.0 |  1858
           D:5 |       0 |     885 |   0.0 |       0 |      16 |   0.0 |   913
           D:6 |       0 |     796 |   0.0 |       0 |      15 |   0.0 |  1342
           D:7 |       0 |    2110 |   0.0 |       0 |      27 |   0.0 |  1250
           D:8 |       0 |    3336 |   0.0 |       0 |      26 |   0.0 |  1366
           D:9 |       0 |    2625 |   0.0 |       0 |      22 |   0.0 |  1192
          D:10 |       0 |    1157 |   0.0 |       0 |      15 |   0.0 |   364
          D:11 |       0 |    2007 |   0.0 |       0 |      10 |   0.0 |   579
               +---------+---------+-------+---------+---------+-------+---------
